 Dungeon Crawl Stone Soup version 0.30-a0-691-g754fce4c43 (webtiles) character file.

Game seed: 9904409367080913308

4167 HoaS the Covert (level 10, 0/64 HPs)
             Began as a Gargoyle Hunter on Jan 19, 2023.
             Was an Initiate of Gozag.
             Slain by a steam dragon (4 damage)
             ... on level 9 of the Dungeon.
             The game lasted 00:17:08 (8012 turns).

HoaS the Covert (Gargoyle Hunter)                   Turns: 8012, Time: 00:17:08

Health: 0/64       AC: 17    Str: 14    XL:     10   Next: 28%
Magic:  10/10      EV: 15    Int: 11    God:    Gozag
Gold:   459        SH:  5    Dex: 17    Spells: 9/9 levels left

rFire   + . .      SeeInvis .    a - +0 shortbow (freeze)
rCold   . . .      Faith    .    (shield currently unavailable)
rNeg    + + .      Spirit   .    r - +0 steam dragon scales
rPois   ∞          Reflect  +    n - +0 helmet
rElec   +          Harm     .    l - +0 cloak
rCorr   .          Rampage  .    j - +2 pair of gloves
Will    .....                    (no boots)
Stlth   ++++                     q - amulet of reflection
HPRegen 0.30/turn                c - ring of protection from fire
MPRegen 0.12/turn                h - ring of positive energy

@: no status effects
A: sickness immunity, AC +7, negative energy resistance 1, electricity
resistance, torment resistance 1, petrification resistance
a: Renounce Religion, Potion Petition, Call Merchant, Bribe Branch


You were on level 9 of the Dungeon.
You worshipped Gozag.
Gozag was aware of your devotion.
You visited 2 branches of the dungeon, and saw 10 of its levels.

You collected 780 gold pieces.
You spent 206 gold pieces at shops.
You paid 115 gold pieces to Gozag.

Inventory:

Hand Weapons
 a - a +0 shortbow of freezing (weapon)
 y - a +0 arbalest of freezing
Armour
 j - a +2 pair of gloves (worn)
 l - a +0 cloak (worn)
 n - a +0 helmet (worn)
 r - +0 steam dragon scales (worn)
Jewellery
 c - a ring of protection from fire (left hand)
 h - a ring of positive energy (right hand)
 q - an amulet of reflection (around neck)
 t - a ring of positive energy
Wands
 m - a wand of roots (5)
 s - a wand of paralysis (2)
 x - a wand of mindburst (6)
Scrolls
 b - 3 scrolls of immolation
 i - 6 scrolls of teleportation
 k - a scroll of blinking
 o - 4 scrolls of poison
 w - 2 scrolls of magic mapping
Potions
 d - 2 potions of heal wounds
 e - 3 potions of flight {unknown}
 f - 8 potions of curing
 g - a potion of lignification
 p - 3 potions of mutation
 u - 2 potions of magic {unknown}
 v - 3 potions of haste {unknown}


   Skills:
 + Level 8.3 Fighting
 + Level 8.4 Ranged Weapons
 + Level 6.3 Dodging
 + Level 8.8 Stealth


You had 9 spell levels left.
You didn't know any spells.
Your spell library was empty.

Dungeon Overview and Level Annotations

Branches:
Dungeon (9/15)             Temple (1/1) D:7
   Lair: D:8-11         Orc: D:9-12

Altars:
Ashenzari
Cheibriados
Dithmenos
Elyvilon
Fedhas
Gozag
Hepliaklqana
Kikubaaqudgha
Makhleb
Nemelex Xobeh
Okawaru
Qazlal
Ru
Sif Muna
Trog
Uskayaw
Vehumet
Wu Jian
Xom
Yredelemnul
Zin
The Shining One

Shops:
D:2 !   D:4 !   D:8 *:   D:9 (


Innate Abilities, Weirdness & Mutations

You are immune to sickness and miasma.
Your stone body is resilient. (AC +7)
You are immune to poison.
You resist negative energy. (rN+)
You are resistant to electric shocks. (rElec)
You are resistant to unholy torment.
You are immune to petrification.


Message History

The howler monkey hoots and howls with incredible vigour!
The steam dragon bites you but does no damage.
The steam dragon closely misses you.
You hear a roar!
The howler monkey is no longer distracted by gold.
The howler monkey hoots and howls with incredible vigour!
The steam dragon closely misses you. x2
The steam dragon bites you but does no damage.
You block the steam dragon's attack. The howler monkey barely misses you.
The howler monkey hoots and howls with incredible vigour!
The howler monkey is engulfed in a cloud of scalding steam.
The howler monkey closely misses you. The steam dragon closely misses you.
The steam dragon barely misses you. You block the howler monkey's attack.
The howler monkey hits you.
An orc warrior comes into view. It is wielding a +0 glaive.
The steam dragon bites you but does no damage.
The steam dragon closely misses you.
The howler monkey hits you but does no damage.
You block the howler monkey's attack.
The orc warrior unwields a +0 glaive.
The orc warrior wields a +0 arbalest.
The orc warrior shoots a bolt.
The bolt misses you. The steam dragon bites you.
* * * LOW HITPOINT WARNING * * *
The steam dragon claws you but does no damage.
The howler monkey barely misses you. You block the howler monkey's attack.
The orc hits you but does no damage.
The steam dragon bites you but does no damage.
You block the steam dragon's attack.
The orc warrior shoots a bolt.
You reflect the bolt off an invisible shield around you!
The bolt closely misses the orc warrior.
The howler monkey barely misses you.
The howler monkey completely misses you.
The steam dragon misses you. The steam dragon closely misses you.
The orc closely misses you. The howler monkey closely misses you.
The orc warrior shoots a bolt.
The bolt hits you!
* * * LOW HITPOINT WARNING * * *
The howler monkey hits you but does no damage.
The howler monkey hoots and howls with incredible vigour!
The orc closely misses you. The steam dragon bites you.
You die...
Your body crumbles into a pile of gold.

#≈P.#...######..........
#####...# #.#.######.
........# #.#.#
###..#..# #.#.######.
###..#..#.####..........
.................>#####.
###. #..#.###.....#
#..$.h#####.
#..$@o......
......Dh$.####.
.####.....# #.....#
#.....o #.. .. #
#.#..### . #..#.. .#
#.#..# .##..#..#.##
#.#..# ....... ...


You could see a steam dragon, an orc warrior, 2 howler monkeys and an orc.

Vanquished Creatures
  Joseph (D:8)
  A wyvern (D:8)
  A steam dragon (D:7)
  An acid dragon (D:9)
  2 black bears (D:7)
  An orc warrior (D:8)
  2 ice beasts
  An ogre (D:6)
  A centaur (D:8)
  2 phantoms
  3 kobold brigands
  4 bullfrogs
  3 necrophages
  2 scorpions (D:5)
  A gnoll sergeant (D:8)
  11 wights
  5 howler monkeys
  2 jellies (D:5)
  6 orc priests
  2 hounds
  Terence (D:3)
  11 iguanas
  6 orc wizards
  10 gnolls
  8 adders
  A shadow imp (D:8)
  3 white imps
  3 ufetubi
  2 worms
  3 dart slugs
  20 orcs
  11 ball pythons
  6 bats
  8 endoplasms
  3 giant cockroaches
  6 hobgoblins
  A quokka (D:4)
  6 frilled lizards
  8 goblins
  22 kobolds
  5 rats
196 creatures vanquished.

Vanquished Creatures (others)
  A sky beast (D:7)
  A howler monkey (D:9)
  An orc wizard (D:9)
  3 orcs (D:9)
  A frilled lizard (D:3)
  A plant (D:9)
8 creatures vanquished.

Grand Total: 204 creatures vanquished

Notes
Turn   | Place    | Note
-------+----------+-------------------------------------------
     0 | D:1      | HoaS the Gargoyle Hunter began the quest for the Orb.
     0 | D:1      | Reached XP level 1. HP: 12/12 MP: 1/1
   228 | D:1      | Reached XP level 2. HP: 18/18 MP: 2/2
   702 | D:2      | Reached XP level 3. HP: 22/22 MP: 3/3
  1137 | D:2      | Found Isiassom's Distillery.
  1146 | D:2      | Bought a potion of curing for 36 gold pieces
  1255 | D:2      | Reached XP level 4. HP: 27/27 MP: 4/4
  1789 | D:3      | Noticed Terence
  1929 | D:3      | You fall into a shaft and drop 2 floors!
  1929 | D:5      | Entered Level 5 of the Dungeon
  2116 | D:3      | Found a glowing golden altar of the Shining One.
  2119 | D:3      | Found a basalt altar of Yredelemnul.
  2122 | D:3      | Noticed a profane servitor
  2173 | D:3      | Killed Terence
  2174 | D:3      | Reached XP level 5. HP: 31/32 MP: 3/5
  2668 | D:3      | Noticed an angel
  2943 | D:4      | Found Fora's Distillery.
  2950 | D:4      | Bought a potion of curing for 39 gold pieces
  2974 | D:4      | Identified the +1 robe of Pride {+Blink rElec Str+2 Dex+4}
  3010 | D:4      | Reached XP level 6. HP: 38/38 MP: 6/6
  3071 | D:4      | Reached skill level 5 in Ranged Weapons
  3467 | D:5      | Reached XP level 7. HP: 40/44 MP: 5/7
  3948 | D:5      | Reached skill level 5 in Fighting
  3948 | D:5      | Reached skill level 5 in Stealth
  4105 | D:5      | Reached XP level 8. HP: 47/49 MP: 8/8
  5199 | D:7      | Reached XP level 9. HP: 56/56 MP: 9/9
  5246 | D:7      | Reached skill level 5 in Dodging
  5346 | D:7      | Found a staircase to the Ecumenical Temple.
  5371 | Temple   | Entered the Ecumenical Temple
  5792 | Temple   | Became a worshipper of Gozag Ym Sagoz the Greedy
  5918 | D:7      | Identified the +1 short sword of Qysmuib Roum {flame, MP+9}
  6337 | D:8      | Noticed Joseph
  6411 | D:8      | Found a faded altar of an unknown god.
  6411 | D:8      | Found a glowing silver altar of Zin.
  6419 | D:8      | Found a white marble altar of Elyvilon.
  6421 | D:8      | Found a blossoming altar of Fedhas.
  6423 | D:8      | Found a faded altar of an unknown god.
  7027 | D:8      | Reached XP level 10. HP: 34/64 MP: 10/10
  7154 | D:8      | Found Dienivvy's Vocational Training.
  7218 | D:8      | Found Ereahoit's Assorted Antiques.
  7447 | D:8      | Killed Joseph
  7942 | D:9      | Found Huenkuh's Hydra Hut.
  7943 | D:9      | Noticed a four-headed hydra
  7947 | D:9      | Bought a +0 arbalest of freezing for 131 gold pieces
  8011 | D:9      | HP: 3/64 [orc warrior/bolt (12)]
  8012 | D:9      | Slain by a steam dragon

Illustrated notes

Levels and vault maps discovered:
D:1:      scummos_arrival_simple_fountains, layout_basic
D:2:      layout_loops_ring, serial_shops, nicolae_shop_hallway_plus,
          minmay_snake_closets
D:3:      layout_basic, grunt_temple_overflow_holy_war, uniq_terence
D:4:      layout_loops_ring, serial_shops, nicolae_shop_crystal,
          corexii_leaking_fountain, hangedman_decor_riveting
D:5:      layout_cave_pods
D:6:      layout_rooms
D:7:      layout_rooms, minmay_temple_entry_glass, minmay_diced_spiral
D:8:      layout_loops_cross, chequers_temple_overflow_minitemple, serial_shops,
          shop, nicolae_shop_vocational, uniq_joseph
D:9:      layout_basic, doesnt_shop_hydraphobe
Temple:   minmay_crystal_spiral_temple

Skill      XL: |  1  2  3  4  5  6  7  8  9 10 |
---------------+-------------------------------+-----
Dodging        | 2 3 4 6 |  6.3
Stealth        | 2 3 4 5 6 8 |  8.8
Fighting       | 3 4 5 6 7 8 |  8.3
Ranged Weapons | 5 6 8 |  8.4

Action                   |  1- 3 |  4- 6 |  7- 9 | 10-12 || total
-------------------------+-------+-------+-------+-------++-------
 Fire: Shortbow          |   122 |   163 |   433 |    82 ||   800
  Use: Scroll            |     5 |     9 |     1 |     1 ||    16
Armor: Leather armour    |    18 |    30 |       |       ||    48
       Robe              |       |     7 |    45 |       ||    52
       Steam dragon scal |       |       |    30 |    84 ||   114
Dodge: Dodged            |    43 |    53 |   177 |   111 ||   384
Block: Other             |       |       |    43 |    27 ||    70
       Reflection        |       |       |     4 |     3 ||     7

Table legend: (Time is in decaauts)
 A = Elapsed time spent in this place.
 B = Non-inter-level travel time spent in this place.
 C = Inter-level travel time spent in this place.
 D = Time resting spent in this place.
 E = Time spent auto-exploring this place.
 F = Levels seen in this place.
 G = Mean time per level.
                   A        B        C        D        E       F      G
               +--------+--------+--------+--------+--------+-----+--------+
         Total |   8184 |   7675 |    509 |   1251 |   4680 |  10 |  818.4 |
       Dungeon |   7854 |   7435 |    419 |   1159 |   4567 |   9 |  872.7 |
        Temple |    329 |    240 |     89 |     92 |    113 |   1 |  329.0 |
               +--------+--------+--------+--------+--------+-----+--------+

Top non-repeatable levels by time:
     D:8: 1280 daAuts
     D:2: 1177 daAuts
     D:5: 1076 daAuts
     D:6: 849 daAuts
     D:3: 799 daAuts
     D:4: 725 daAuts
     D:9: 722 daAuts
     D:7: 620 daAuts
     D:1: 603 daAuts
  Temple: 329 daAuts
